Map: Romanticide LE

Players

Serral

  • Race: Zerg Zerg
  • Spawn Location: 11:00

Trap - Winner!

  • Race: Protoss Protoss
  • League: Master
  • Spawn Location: 5:00

VOD

Have the link to the VOD?

Description

Time

  • Played on: Jan. 17, 2021, 11:48 a.m.
  • Length: 8:25
Show
View Real Time Build Order
Export as new Build Order

Serral Zerg 

Build Orders: Hatch First 

Get SALT Encoding   

  12  0:00  Drone  
  13  0:12  Overlord  
  13  0:17  Drone  
  14  0:30  Drone x2  
  16  0:48  Hatchery  
  15  0:52  Drone  
  15  0:55  Drone  
  17  0:59  Drone  
  18  1:10  Extractor  
  17  1:14  Spawning Pool  
  17  1:17  Drone  
  17  1:21  Drone  
  18  1:27  Drone  
  19  1:38  Drone  
  20  1:49  Overlord  
  20  2:01  Queen x2  
  20  2:02  Zergling x4  
  26  2:09  Metabolic Boost  
  26  2:11  Drone  
  26  2:14  Drone  
  28  2:23  Drone x2  
  30  2:32  Drone  
  30  2:33  Drone  
  32  2:43  Hatchery  
  31  2:46  Queen  
  31  2:51  Overlord  
  33  2:55  Drone  
  33  2:56  Drone  
  33  2:58  Drone  
  35  3:10  Drone  
  35  3:11  Overlord  
  36  3:15  Drone x3  
  36  3:18  Zergling x2  
  40  3:21  Spore Crawler  
  40  3:22  Drone  
  40  3:23  Queen  
  42  3:28  Drone  
  42  3:30  Drone  
  44  3:37  Drone  
  44  3:39  Drone  
  44  3:40  Drone x2  
  48  3:46  Overlord  
  48  3:49  Drone  
  48  3:50  Overlord  
  49  4:02  Spore Crawler, Drone  
  50  4:04  Queen  
  50  4:05  Spore Crawler  
  50  4:06  Zergling x4  
  50  4:07  Drone x3  
  55  4:10  Drone x2  
  55  4:12  Queen  
  55  4:15  Drone x2  
  55  4:16  Zergling x2  
  61  4:23  Overlord  
  61  4:25  Roach Warren, Drone  
  61  4:27  Drone  
  61  4:28  Drone  
  63  4:33  Lair  
  63  4:34  Zergling x2  
  63  4:36  Drone  
  65  4:41  Overlord  
  65  4:43  Drone x4  
  65  4:45  Extractor x2  
  68  4:49  Drone x2  
  68  4:50  Drone  
  68  4:52  Overlord  
  70  4:54  Drone x2  
  70  4:57  Overlord  
  72  5:02  Extractor, Drone  
  72  5:05  Overlord  
  72  5:08  Drone  
  72  5:10  Overlord  
  72  5:11  Evolution Chamber  
  72  5:14  Drone x2  
  72  5:18  Drone  
  72  5:20  Extractor  
  74  5:21  Extractor  
  74  5:24  Overlord, Drone x6  
  79  5:32  Spire  
  79  5:33  Overlord  
  79  5:35  Drone x4  
  82  5:39  Drone  
  82  5:42  Glial Reconstitution  
  82  5:48  Infestation Pit  
  81  5:51  Drone  
  81  5:52  Drone x3  
  81  5:55  Hatchery  
  84  5:57  Zerg Melee Weapons Level 1  
  84  6:00  Overlord  
  84  6:01  Zergling x2  
  84  6:02  Zergling x4  
  86  6:06  Zergling x8  
  90  6:15  Queen x2  
  90  6:16  Queen  
  96  6:19  Overlord  
  96  6:24  Overlord  
  97  6:25  Drone x4  
  97  6:26  Drone  
  97  6:30  Overlord  
  101  6:34  Overlord  
  101  6:35  Drone x5  
  101  6:38  Drone x2  
  108  6:43  Overlord  
  108  6:53  Mutalisk x5  
  116  6:58  Drone x2  
  117  7:02  Extractor  
  117  7:04  Extractor  
  117  7:06  Spore Crawler  
  117  7:08  Drone x5  
  119  7:12  Overlord  
  119  7:15  Overlord  
  120  7:22  Drone  
  120  7:23  Drone  
  117  7:32  Corruptor x7  
  130  7:38  Corruptor x3  
  130  7:44  Roach x3  
  142  7:50  Roach x2  
  142  7:51  Roach x4  
  154  8:02  Roach x9  
Show
View Real Time Build Order
Export as new Build Order

Trap Protoss - Winner!

Build Orders: 1 Gate Expand, Oracle Opening, Zealot Archon 

Get SALT Encoding   

  12  0:00  Probe  
  13  0:12  Probe  
  14  0:18  Pylon  
  14  0:24  Probe  
  15  0:36  Probe (Chrono Boost)  
  15  0:42  Gateway  
  16  0:46  Probe (Chrono Boost)  
  17  0:51  Assimilator, Probe (Chrono Boost)  
  18  1:03  Probe  
  19  1:15  Probe  
  20  1:25  Nexus  
  20  1:36  Cybernetics Core  
  20  1:38  Probe  
  21  1:46  Assimilator  
  21  1:50  Probe  
  22  1:56  Pylon  
  22  2:02  Probe  
  23  2:11  Stalker (Chrono Boost), Probe  
  23  2:13  Warp Gate  
  26  2:19  Probe  
  27  2:30  Probe (Chrono Boost)  
  27  2:32  Stargate  
  27  2:36  Adept  
  30  2:38  Probe (Chrono Boost)  
  32  2:47  Probe x2 (Chrono Boost)  
  33  2:52  Probe (Chrono Boost)  
  33  2:53  Probe  
  35  3:04  Probe  
  35  3:05  Probe  
  37  3:07  Void Ray (Chrono Boost)  
  37  3:10  Gateway  
  37  3:17  Probe x2  
  42  3:20  Adept  
  44  3:28  Pylon  
  44  3:29  Probe x2  
  46  3:38  Pylon  
  46  3:43  Oracle (Chrono Boost)  
  46  3:46  Probe x2  
  51  3:59  Nexus  
  51  4:01  Probe x2  
  53  4:06  Pylon  
  53  4:09  Assimilator  
  53  4:13  Assimilator  
  53  4:14  Probe x2  
  55  4:18  Stargate  
  55  4:24  Void Ray (Chrono Boost)  
  55  4:25  Shield Battery  
  55  4:26  Probe x2  
  61  4:38  Probe x2  
  61  4:43  Pylon  
  63  4:50  Probe x2  
  65  4:55  Void Ray (Chrono Boost)  
  65  5:01  Void Ray (Chrono Boost)  
  65  5:02  Pylon  
  65  5:04  Probe x2 (Chrono Boost)  
  75  5:11  Probe (Chrono Boost)  
  75  5:12  Pylon  
  76  5:20  Probe x3 (Chrono Boost)  
  79  5:25  Probe  
  79  5:27  Probe x2, Forge  
  82  5:30  Twilight Council  
  82  5:38  Probe  
  82  5:39  Probe x2  
  82  5:41  Assimilator  
  85  5:45  Void Ray x2  
  85  5:47  Assimilator  
  85  5:50  Probe  
  85  5:51  Probe x2  
  85  5:53  Charge  
  85  5:56  Protoss Ground Weapons Level 1 (Chrono Boost)  
  96  5:57  Gateway  
  96  6:00  Gateway  
  96  6:02  Probe  
  96  6:03  Probe  
  98  6:08  Probe  
  99  6:14  Probe  
  99  6:15  Probe  
  99  6:17  Gateway  
  101  6:18  Gateway  
  101  6:22  Gateway  
  101  6:23  Gateway  
  101  6:25  Templar Archives  
  101  6:33  Pylon  
  101  6:38  Zealot x2  
  105  6:44  Nexus  
  105  6:46  Pylon  
  105  6:50  Pylon  
  105  6:51  Pylon  
  105  7:01  Pylon  
  101  7:02  Photon Cannon  
  101  7:04  Photon Cannon  
  101  7:05  Photon Cannon  
  101  7:07  High Templar x4  
  109  7:13  Archon x2, Photon Cannon  
  109  7:14  Photon Cannon  
  109  7:19  Zealot x2  
  109  7:20  Zealot x2  
  117  7:25  Robotics Facility  
  117  7:31  Shield Battery  
  117  7:33  Probe x3  
  120  7:45  Stargate  
  120  7:50  Zealot x8  
  136  7:54  Phoenix (Chrono Boost)  
  136  7:56  Phoenix (Chrono Boost)  
  140  8:04  Probe x3  
  138  8:11  Stalker x3  
  135  8:14  Zealot x3  
Tags
 
Add a new tag
Caveats
  • Supply blocks, unpowered buildings, or Contaminate may cause inaccurate times.
  • Supply counts are checked every 10 seconds.